 Dungeon Crawl Stone Soup version 0.29-a0-100-g60f898f876 (webtiles) character file.

Game seed: 5687970583771849178

294 Essalna the Digger (level 6, 0/41 HPs)
             Began as a Demonspawn Earth Elementalist on Feb 14, 2022.
             Slain by an orc wizard (1 damage)
             ... on level 3 of the Dungeon.
             The game lasted 00:07:06 (2418 turns).

Essalna the Digger (Demonspawn Earth Elementalist)  Turns: 2418, Time: 00:07:06

Health: 0/41       AC:  2    Str:  8    XL:     6   Next: 11%
Magic:  4/11       EV: 20    Int: 21    God:
Gold:   136        SH:  0    Dex: 13    Spells: 6/12 levels left

rFire   . . .      SeeInvis .   e - staff of earth
rCold   . . .      Faith    .   (no shield)
rNeg    . . .      Spirit   .   b - +0 robe
rPois   .          Reflect  .   (helmet restricted)
rElec   .          Harm     .   (no cloak)
rCorr   .          Rampage  .   (no gloves)
Will    .....                   (no boots)
Stlth   +.........              (no amulet)
HPRegen 0.13/turn               o - ring of the Hare {EV+8}
MPRegen 0.12/turn               (no ring)

@: confused, attractive
A: horns 1, powered by death 2, big brain 1
a: no special abilities


You were on level 3 of the Dungeon.
You visited 1 branch of the dungeon, and saw 5 of its levels.

You collected 136 gold pieces.

Inventory:

Hand Weapons
 d - a +1 dagger of flaming
Missiles
 c - 46 stones
Armour
 b - a +0 robe (worn)
 f - a +0 buckler
 g - a +0 helmet
Magical Staves
 e - a staff of earth (weapon)
Jewellery
 n - a ring of flight
 o - the ring of the Hare (left hand) {EV+8}
   (You found it on level 2 of the Dungeon)

   [ring of evasion]

   EV:        It affects your evasion (+8).
Scrolls
 a - a scroll of fog
 l - a scroll of identify


   Skills:
 - Level 1.7 Dodging
 - Level 1.7 Stealth
 + Level 3.9 Spellcasting
 + Level 2.8 Conjurations
 - Level 0.8 Transmutations
 + Level 4.4 Earth Magic


You had 6 spell levels left.
You knew the following spells:

 Your Spells              Type           Power      Damage    Failure   Level
a - Sandblast             Erth           66%        2d15      1%          1
b - Passwall              Tmut/Erth      18%        N/A       6%          2
c - Stone Arrow           Conj/Erth      56%        3d10      9%          3

Your spell library contained the following spells:

 Spells                   Type           Power      Damage    Failure   Level
 Mephitic Cloud           Conj/Pois/Air  8%         N/A       24%         3
 Ignite Poison            Fire/Tmut/Pois 5%         N/A       32%         3
 Petrify                  Tmut/Erth      22%        N/A       38%         4
 Freezing Cloud           Conj/Ice/Air   4%         6-21      92%         5


Dungeon Overview and Level Annotations

Branches:
Dungeon (5/15)
 Temple: D:4-7

Altars:
Dithmenos
Elyvilon
Gozag
Kikubaaqudgha
Nemelex Xobeh
Qazlal
Yredelemnul
The Shining One

Shops:
D:1 [*!   D:2 *

Annotations:
D:4 Pikel


Innate Abilities, Weirdness & Mutations

You have a pair of small horns on your head.
You regenerate health from kills.
You have an unusually large brain. (Int +2)


Message History

a +0 dagger; a +0 ring mail; an orc corpse Unknown command.
You bump into the rock wall.
The bat completely misses you. The orc completely misses you.
A hobgoblin comes into view.
You hear some strange, mumbled words.
You are more confused.
The orc hits you with a +0 mace. The orc closely misses you.
The bat completely misses you. Something closely misses you.
The hobgoblin shouts!
The bat misses you. The orc barely misses you. The orc completely misses you.
You hear some strange, mumbled words.
A puff of flame appears from out of thin air!
The puff of flame hits you!
* * * LOW HITPOINT WARNING * * *
You're too confused to move!
The bat closely misses you. The orc misses you. The orc completely misses you.
You bump into the rock wall.
The bat hits you.
* * * LOW HITPOINT WARNING * * *
The orc closely misses you. The orc hits you with a +0 short sword.
* * * LOW HITPOINT WARNING * * *
Something completely misses you.
It was a potion of attraction.
You feel attractive to monsters. The bat closely misses you.
The bat barely misses you. The orc barely misses you. The orc misses you.
Something hits you.
* * * LOW HITPOINT WARNING * * *
You closely miss the hobgoblin. Your headbutt misses the hobgoblin.
The bat closely misses you. The bat barely misses you. The orc misses you.
The orc hits you with a +0 short sword.
* * * LOW HITPOINT WARNING * * *
The hobgoblin hits you but does no damage.
Something hits you.
* * * LOW HITPOINT WARNING * * *
The orc hits you but does no damage.
You hit the orc.
The orc is moderately wounded.
The bat hits you but does no damage. The orc misses you.
The hobgoblin misses you. Something hits you.
You die...

#.# # #.#....
#.# .# #.#.###
###.##.####
#.#.# #
..........
#.#.#
#.#.##.........
..#.#
##.....()(..#
.o ###.# ...
#>)# .#.#
#.###.#
#.)##o.#....#
#.....#
#....o@.b.#
#.#####
#....g<........
#..###########
....[ ###. . .#


You could see 2 orcs, a hobgoblin and a bat.

Vanquished Creatures
  An ogre (D:4)
  A hound (D:4)
  A centaur skeleton (D:4)
  Jessica (D:3)
  An orc wizard (D:3)
  A hound skeleton (D:4)
  2 gnolls (D:4)
  6 dart slugs
  9 orcs
  7 bats
  3 endoplasms
  4 hobgoblins
  2 jackals (D:5)
  5 kobolds
  3 quokkas
  3 ball pythons
  5 frilled lizards
  A goblin (D:1)
  A rat (D:3)
57 creatures vanquished.

Notes
Turn   | Place    | Note
-------+----------+-------------------------------------------
     0 | D:1      | Essalna the Demonspawn Earth Elementalist began the quest
                  | for the Orb.
     0 | D:1      | Reached XP level 1. HP: 13/13 MP: 3/3
   188 | D:1      | Reached skill level 3 in Earth Magic
   285 | D:1      | Gained mutation: You regenerate a little health from kills.
                  | [demonic ancestry]
   285 | D:1      | Reached XP level 2. HP: 13/19 MP: 5/5
   383 | D:1      | Found Rink's Assorted Antiques.
   656 | D:1      | Found Ahulotz's Distillery.
   895 | D:1      | Found Tarhetuo's Antique Armour Emporium.
  1152 | D:2      | Reached XP level 3. HP: 24/24 MP: 7/7
  1155 | D:2      | Learned a level 2 spell: Passwall
  1159 | D:2      | Learned a level 3 spell: Stone Arrow
  1374 | D:2      | Found Ixtuagoe's Assorted Antiques.
  1392 | D:2      | Found the ring of the Hare {EV+8}
  1904 | D:3      | Reached skill level 1 in Conjurations
  2106 | D:3      | You fall into a shaft and drop 2 floors!
  2106 | D:5      | Entered Level 5 of the Dungeon
  2159 | D:4      | Found an ancient bone altar of Kikubaaqudgha.
  2159 | D:4      | Found a sparkling altar of Nemelex Xobeh.
  2159 | D:4      | Found a shadowy altar of Dithmenos.
  2159 | D:4      | Found a basalt altar of Yredelemnul.
  2159 | D:4      | Found an opulent altar of Gozag.
  2159 | D:4      | Found a stormy altar of Qazlal.
  2159 | D:4      | Noticed a scorpion
  2173 | D:4      | Noticed an ogre
  2188 | D:4      | Killed an ogre
  2189 | D:4      | Gained mutation: You have an unusually large brain. (Int
                  | +2) [demonic ancestry]
  2189 | D:4      | Reached XP level 4. HP: 13/30 MP: 2/9
  2189 | D:4      | Gained mutation: You have a pair of small horns on your
                  | head. [demonic ancestry]
  2189 | D:4      | Reached XP level 5. HP: 15/35 MP: 2/10
  2197 | D:4      | Reached skill level 4 in Earth Magic
  2361 | D:4      | Noticed a lemure
  2361 | D:4      | Noticed a lemure
  2361 | D:4      | Noticed Pikel
  2388 | D:3      | Noticed Jessica
  2391 | D:3      | Killed Jessica
  2392 | D:3      | Gained mutation: You regenerate health from kills. [demonic
                  | ancestry]
  2392 | D:3      | Reached XP level 6. HP: 28/41 MP: 7/11
  2417 | D:3      | HP: 1/41 [something (3)]
  2418 | D:3      | Slain by an orc wizard

Illustrated notes

Levels and vault maps discovered:
D:1:      beargit_arrival_greenhouse, layout_rooms, serial_shops,
          nicolae_shop_crystal, nicolae_diamond_shop, shop,
          grunt_decor_one_mirror
D:2:      layout_rooms, serial_shops, nicolae_square_shop, minmay_octomino_j4
D:3:      layout_loops_ring, uniq_jessica, uniq_ijyb
D:4:      cheibrodos_greedy_goblins, layout_loops_corners,
          grunt_temple_overflow_open, gup_sewer_entry_bubbles,
          kennysheep_generic_room_14, uniq_natasha, uniq_pikel, uniq_robin,
          uniq_grinder
D:5:      layout_rooms, nicolae_uskayaw_murder_on_the_dancefloor,
          minmay_temple_entry_slanted, gammafunk_ghost_split, item_on_display_a

Skill      XL: |  1  2  3  4  5 |
---------------+----------------+-----
Earth Magic    | 3 4 |  4.4
Spellcasting   | 3 |  3.9
Conjurations   | 1 2 |  2.8
Dodging        | |  1.7
Stealth        | |  1.7
Transmutations | |  0.8

Action                   |  1- 3 |  4- 6 || total
-------------------------+-------+-------++-------
Melee: Staff             |   172 |    23 ||   195
       Punch             |     1 |       ||     1
       Headbutt          |       |     4 ||     4
 Cast: Sandblast         |    28 |    17 ||    45
  Use: Scroll            |     6 |     2 ||     8
       Potion            |       |     4 ||     4
 Stab: Sleeping          |     4 |       ||     4
Armor: Robe              |    40 |     7 ||    47
Dodge: Dodged            |   183 |    95 ||   278

Table legend: (Time is in decaauts)
 A = Elapsed time spent in this place.
 B = Non-inter-level travel time spent in this place.
 C = Inter-level travel time spent in this place.
 D = Time resting spent in this place.
 E = Time spent auto-exploring this place.
 F = Levels seen in this place.
 G = Mean time per level.
                   A        B        C        D        E       F      G
               +--------+--------+--------+--------+--------+-----+--------+
         Total |   2441 |   2303 |    138 |      0 |   1669 |   5 |  488.2 |
       Dungeon |   2441 |   2303 |    138 |      0 |   1669 |   5 |  488.2 |
               +--------+--------+--------+--------+--------+-----+--------+

Top non-repeatable levels by time:
     D:1: 1209 daAuts
     D:2: 689 daAuts
     D:3: 282 daAuts
     D:4: 217 daAuts
     D:5: 42 daAuts
